 Dungeon Crawl Stone Soup version 0.30-a0-218-gedb9141078 (webtiles) character file.

Game seed: 18164536206346224133

778 Flugkiller the Trooper (level 7, -9/68 HPs)
             Began as an Armataur Chaos Knight on Oct 5, 2022.
             Was a Plaything of Xom.
             Mangled by an iguana (12 damage)
             ... on level 5 of the Dungeon.
             The game lasted 00:05:56 (4108 turns).

Flugkiller the Trooper (Armataur Chaos Knight)      Turns: 4108, Time: 00:05:57

Health: -9/68      AC:  4    Str: 19    XL:     7   Next: 54%
Magic:  7/7        EV:  9    Int: 13    God:    Xom [*.....]
Gold:   258        SH:  0    Dex: 15    Spells: 6/6 levels left

rFire   . . .      SeeInvis .    z - +2 demon whip (freeze)
rCold   . . .      Faith    .    (no shield)
rNeg    . . .      Spirit   .    b - +2 leather armour
rPois   .          Reflect  .    i - +0 helmet
rElec   .          Harm     .    (no cloak)
rCorr   .          Roll     +    (no gloves)
Will    .....                    (no barding)
Stlth   +.........               (no amulet)
HPRegen 0.31/turn                m - +6 ring of dexterity
MPRegen 0.10/turn                (no ring)

@: lethally poisoned (-9 -> -11), corroded, studying Short Blades, unable to
drink
A: large, rugged brown scales 3, deformed body, armoured tail, roll, long
tongue, awkward tongue, inability to drink after injury 1
a: Renounce Religion


You were on level 5 of the Dungeon.
You worshipped Xom.
You were a special plaything of Xom.
You visited 1 branch of the dungeon, and saw 7 of its levels.

You collected 258 gold pieces.

Inventory:

Hand Weapons
 z - a +2 demon whip of freezing (weapon)
   (You found it on level 5 of the Dungeon)
Armour
 b - a +2 leather armour (worn)
 i - a +0 helmet (worn)
   (You found it on level 4 of the Dungeon)
 o - a +0 plate armour
   (You found it on level 3 of the Dungeon)
Jewellery
 g - a +6 ring of intelligence
   (You found it on level 4 of the Dungeon)
 m - a +6 ring of dexterity (left hand)
   (You found it on level 3 of the Dungeon)
Wands
 r - a wand of digging (5)
   (You found it on level 4 of the Dungeon)
Scrolls
 h - 5 scrolls of immolation
 j - 2 scrolls of vulnerability
 n - a scroll of enchant armour
 s - a scroll of brand weapon {unknown}
 x - a scroll of poison {unknown}
 y - a scroll of acquirement {unknown}
Potions
 a - a potion of resistance {unknown}
 d - 4 potions of might
 e - a potion of flight {unknown}
 f - a potion of mutation {unknown}
 k - a potion of degeneration {unknown}
 l - 4 potions of magic
 p - a potion of invisibility {unknown}
 q - 2 potions of curing
 t - a potion of berserk rage {unknown}
 v - a potion of cancellation {unknown}
 w - a potion of heal wounds
Miscellaneous
 c - a piece from Xom's chessboard (15/15) (quivered)


   Skills:
 + Level 6.5 Fighting
 * Level 4.2 Maces & Flails
 - Level 5.0 Armour
 - Level 0.6 Dodging
 - Level 0.9 Evocations


You had 6 spell levels left.
You didn't know any spells.
Your spell library contained the following spells:

 Spells                   Type           Power      Damage    Failure   Level
 Gell's Gravitas          Tloc           0%         N/A       71%         3
 Lesser Beckoning         Tloc           0%         N/A       71%         3
 Ozocubu's Armour         Ice            0%         N/A       71%         3
 Teleport Other           Tloc           0%         N/A       71%         3
 Tukima's Dance           Hex            0%         N/A       71%         3
 Passage of Golubria      Tloc           0%         N/A       98%         4
 Alistair's Intoxication  Tmut/Pois      0%         N/A       100%        5
 Borgnjor's Vile Clutch   Necr/Erth      0%         N/A       100%        5
 Yara's Violent Unravell  Hex/Tmut       0%         3d3       100%        5
 Eringya's Noxious Bog    Tmut/Pois      0%         N/A       100%        6
 Ozocubu's Refrigeration  Ice            0%         4d7       100%        7


Dungeon Overview and Level Annotations

Branches:
Dungeon (7/15) Zot: 25883  Temple (0/1) D:4

Altars:
Ru
Trog
Wu Jian
Xom
Yredelemnul


Innate Abilities, Weirdness & Mutations

You are completely covered in rugged brown scales. (AC +3, +7% HP)
Armour fits poorly on your strangely shaped body.
You have a long armoured tail.
You roll when moving toward enemies. (Rampage)
Your long tongue fully drains potion bottles. (2x potion effects)
Your tongue gives you trouble enunciating. (1.5x scroll delay)
You occasionally lose the ability to drink potions when taking damage.


Message History

The kobold brigand shouts!
You hear a shout!
You hear an angry hiss.
You closely miss the kobold brigand.
Your tail-slap misses the kobold brigand.
The kobold brigand hits you with a +0 short sword.
You hit the kobold brigand. You freeze the kobold brigand.
The kobold brigand is moderately wounded.
The kobold brigand hits you with a +0 short sword.
You miss the kobold brigand.
The kobold brigand is moderately wounded.
The kobold brigand hits you with a +0 short sword.
You closely miss the kobold brigand.
The kobold brigand is moderately wounded.
The kobold brigand hits you with a +0 short sword.
You hit the kobold brigand. You freeze the kobold brigand.
The kobold brigand is heavily wounded.
The kobold brigand hits you with a +0 short sword.
You whack the kobold brigand! You freeze the kobold brigand.
You kill the kobold brigand!
No target in view!
No target in view!
You start resting.
You hear Xom's maniacal laughter.
The ice beast attacks as you move away!
The ice beast hits you but does no damage.
Things that are here:
a +0 short sword; 4 poisoned darts; a kobold corpse A dart slug comes into view.
The dart slug launches a dart at you. The slug dart hits you.
The ice beast hits you but does no damage.
You hit the ice beast. You tail-slap the ice beast.
The ice beast is moderately wounded.
You whack the ice beast!
The ice beast is heavily wounded.
The ice beast hits you but does no damage.
You closely miss the ice beast.
The ice beast is heavily wounded.
The ice beast hits you.
You emit a cloud of colourful smoke!
The ice beast freezes you.
You closely miss the ice beast.
The ice beast is heavily wounded.
The ice beast hits you. The ice beast freezes you!
The dart slug launches a dart at you. The slug dart hits you.
You are too injured to fight recklessly!
You are too injured to fight recklessly!
You are too injured to fight recklessly!
You are too injured to fight recklessly!
You are too injured to fight recklessly!
You whack the dart slug! You freeze the dart slug.
You kill the dart slug!
An iguana comes into view.
The ice beast hits you but does no damage.
The iguana hisses angrily.
You whack the ice beast! You tail-slap the ice beast.
You kill the ice beast!
The ice beast disappears in a puff of smoke!
You completely miss the scorpion.
Your tail-slap misses the scorpion.
The scorpion stings you.
You hit the scorpion but do no damage. The scorpion stings you.
You hit the scorpion. You freeze the scorpion.
The scorpion is moderately wounded.
The scorpion stings you.
You are poisoned.
The scorpion poisons you! The scorpion barely misses you.
You barely miss the scorpion.
The scorpion is moderately wounded.
You feel sick.
You whack the scorpion! You freeze the scorpion. You tail-slap the scorpion.
You kill the scorpion!
The scorpion's corpse disappears in a puff of smoke!
You feel sick.
You hit the jelly but do no damage.
Your hands burn!
You feel sick. The jelly barely misses you.
You hit the jelly but do no damage. The acid corrodes you!
Your hands burn!
* * * LOW HITPOINT WARNING * * *
You tail-slap the jelly!
The jelly is severely wounded.
You feel sick. The iguana bites you!
You feel threatened and lose the ability to drink potions!
* * * LOW HITPOINT WARNING * * *
The jelly hits you but does no damage.
Unknown command.
Okay, then.
You cannot drink potions in your current state!
Unknown command.
Unknown command.
You feel sick. The iguana barely misses you.
You see here a +0 chain mail.
The jelly attacks as you move away! The jelly barely misses you.
You can drink potions again.
You feel sick. The iguana bites you.
* * * LOW HITPOINT WARNING * * *
Unknown command.
Found 5 poisoned darts.
You feel sick.
The iguana hisses menacingly.
The iguana bites you!
You feel threatened and lose the ability to drink potions!
You die...

#
#.....†...##
#..
.##....)...##
(..
.##.##....##
..
#.##.##.####
.. #.#..##.#
.##.##....#
...##.#..#
#..##(...#
#@.##..###
#°l##..#
#§J.)○##
#######


You could see an iguana and a jelly (summoned).

Vanquished Creatures
  A water moccasin (D:5)
  A kobold brigand (D:5)
  A bullfrog (D:7)
  A hound (D:4)
  Jessica (D:2)
  An iguana (D:4)
  4 gnolls
  5 adders
  2 shadow imps
  3 ufetubi
  2 dart slugs
  5 worms
  5 orcs
  7 endoplasms
  2 giant cockroaches (D:1)
  9 goblins
  9 hobgoblins
  4 jackals (D:1)
  11 kobolds
  2 quokkas
  8 ball pythons
  6 bats
  2 frilled lizards (D:2)
  2 rats
94 creatures vanquished.

Vanquished Creatures (collateral kills)
  2 black bears (D:5)
  A scorpion (D:5)
3 creatures vanquished.

Grand Total: 97 creatures vanquished

Notes
Turn   | Place    | Note
-------+----------+-------------------------------------------
     0 | D:1      | Flugkiller the Armataur Chaos Knight began the quest for
                  | the Orb.
     0 | D:1      | Reached XP level 1. HP: 19/19 MP: 1/1
    39 | D:1      | XOM: potion effect (haste)
    47 | D:1      | Reached skill level 3 in Fighting
   112 | D:1      | Reached XP level 2. HP: 27/27 MP: 2/2
   531 | D:2      | Reached XP level 3. HP: 35/35 MP: 3/3
   709 | D:2      | Reached skill level 4 in Fighting
  1096 | D:2      | Noticed Jessica
  1104 | D:2      | Reached XP level 4. HP: 23/43 MP: 4/4
  1104 | D:2      | Killed Jessica
  1242 | D:2      | Found a bloodstained altar of Trog.
  1364 | D:2      | XOM: give mutation
  1364 | D:2      | Gained mutation: You occasionally lose the ability to drink
                  | potions when taking damage. [Xom's mischief]
  1522 | D:3      | Found a faded altar of an unknown god.
  1526 | D:3      | Found a sacrificial altar of Ru.
  1601 | D:3      | Reached skill level 5 in Fighting
  1892 | D:3      | Found a faded altar of an unknown god.
  1964 | D:3      | XOM: polymorph goblin -> gnoll
  2415 | D:4      | XOM: divination: detect items
  2441 | D:4      | Reached XP level 5. HP: 49/51 MP: 5/5
  2670 | D:4      | Found a staircase to the Ecumenical Temple.
  2692 | D:4      | You fall into a shaft and drop 3 floors!
  2826 | D:7      | Noticed a hornet
  2996 | D:6      | Found an ornate altar of the Wu Jian Council.
  3007 | D:5      | Entered Level 5 of the Dungeon
  3064 | D:5      | Noticed a water moccasin
  3064 | D:5      | Noticed a black bear
  3083 | D:5      | Killed a water moccasin
  3084 | D:5      | Reached skill level 5 in Armour
  3084 | D:5      | Reached XP level 6. HP: 33/59 MP: 6/6
  3086 | D:5      | XOM: enchant monster (good)
  3273 | D:5      | Reached XP level 7. HP: 33/66 MP: 7/7
  3324 | D:5      | XOM: god gift: scroll of immolation
  3382 | D:4      | Found a basalt altar of Yredelemnul.
  3404 | D:4      | Reached skill level 6 in Fighting
  3538 | D:4      | XOM: summons 1 hostile demon
  3994 | D:5      | XOM: scenery: create altars
  4089 | D:5      | XOM: summons 3 hostile shadow creatures
  4095 | D:5      | XOM: smoke on damage
  4108 | D:5      | HP: 3/68 [poisoned by a scorpion]
  4108 | D:5      | Mangled by an iguana

Illustrated notes

Levels and vault maps discovered:
D:1:      matt_arrival_refuge, layout_rooms
D:2:      layout_basic, basic_altar, serial_corexii_hall,
          chequers_hall_statues_wall_a, chequers_hall_statues_y, uniq_jessica
D:3:      layout_loops_cross, nicolae_overflow_ecumenical_swirl,
          serial_aquarium, aquarium_bridge_square [aquarium_subvault_bridge,
          aquarium_subvault_balcony, aquarium_subvault_bridge,
          aquarium_subvault_bridge], aquarium_window_2,
          aquarium_window_corridor_3, aquarium_view_2g, aquarium_balcony_5a,
          ebering_ecumenical_altar_mist
D:4:      corexii_shack_village, layout_loops_cross, old_standard_altar,
          temple_pool_b
D:5:      layout_layer_cave, amcnicky_altar_gilded, minmay_manual_monolith
D:6:      layout_layer_cave, nzn_wu_jian_contemplation, lightli_temple_of_fire,
          mainiacjoe_overflow_surrounded_room, serial_glass, glass_columns_a,
          glass_columns_a, nicolae_figureground_sparkle
D:7:      minmay_the_grid_triangle_9x9_recursive_2
          [minmay_the_grid_triangle_9x9_prize_top_heavy,
          minmay_the_grid_triangle_9x9_negative_grid,
          minmay_the_grid_triangle_9x9_odd_lines,
          minmay_the_grid_triangle_9x9_checkered], layout_loops_ring,
          elyvilon_altar_3, mainiacjoe_overflow_big_doors, uniq_pikel,
          uniq_joseph

Skill      XL: |  1  2  3  4  5  6  7 |
---------------+----------------------+-----
Fighting       | 3 4 5 6 |  6.5
Armour         | 5 |  5.0
Maces & Flails | 3 4 |  4.2
Dodging        | |  0.6
Evocations     | |  0.9

Action                   |  1- 3 |  4- 6 |  7- 9 || total
-------------------------+-------+-------+-------++-------
Melee: Mace              |    97 |   134 |    19 ||   250
       Tailslap          |    14 |    17 |    11 ||    42
       Punch             |       |     2 |     1 ||     3
       Flail             |       |       |    27 ||    27
       Demon whip        |       |       |    19 ||    19
Evoke: Piece from Xom's  |       |     3 |       ||     3
  Use: Scroll            |       |     5 |       ||     5
       Potion            |       |     2 |       ||     2
 Stab: Sleeping          |       |     1 |       ||     1
       Paralysed         |       |     2 |       ||     2
       Distracted        |       |     1 |     1 ||     2
Armor: Leather armour    |    45 |    79 |    22 ||   146
       Plate armour      |       |    11 |       ||    11
Dodge: Dodged            |    65 |    80 |    22 ||   167

Table legend: (Time is in decaauts)
 A = Elapsed time spent in this place.
 B = Non-inter-level travel time spent in this place.
 C = Inter-level travel time spent in this place.
 D = Time resting spent in this place.
 E = Time spent auto-exploring this place.
 F = Levels seen in this place.
 G = Mean time per level.
                   A        B        C        D        E       F      G
               +--------+--------+--------+--------+--------+-----+--------+
         Total |   4159 |   3850 |    309 |    866 |   2177 |   7 |  594.1 |
       Dungeon |   4159 |   3850 |    309 |    866 |   2177 |   7 |  594.1 |
               +--------+--------+--------+--------+--------+-----+--------+

Top non-repeatable levels by time:
     D:2: 1015 daAuts
     D:4: 915 daAuts
     D:3: 913 daAuts
     D:5: 503 daAuts
     D:1: 493 daAuts
     D:7: 301 daAuts
     D:6: 16 daAuts
